 Dungeon Crawl Stone Soup version 0.17.1-3-g152610e (webtiles) character file.

3234 Gargoyl the Covered (level 9, -1/106 HPs)
             Began as a Demonspawn Abyssal Knight on Feb 22, 2016.
             Was an Elder of Lugonu.
             Slain by an iguana (3 damage)
             ... on level 8 of the Dungeon on Feb 23, 2016.
             The game lasted 00:26:52 (8143 turns).

Gargoyl the Covered (Demonspawn Abyssal Knight)     Turns: 8143, Time: 00:26:52

Health: -1/106     AC: 24    Str: 17    XL:     9   Next: 66%
Magic:  12/12      EV:  2    Int: 13    God:    Lugonu [****..]
Gold:   375        SH:  0    Dex: 14    Spells: 0 memorised, 8 levels left

rFire  . . .     SeeInvis +     g - +0 battleaxe (drain)
rCold  . . .     Clarity  .     (armour currently unavailable)
rNeg   + + +     SustAt   .     (shield currently unavailable)
rPois  +         Gourm    .     (helmet currently unavailable)
rElec  .         Spirit   .     (cloak currently unavailable)
rCorr  .         Warding  .     (gloves currently unavailable)
rMut   .         NoTele   +     (boots currently unavailable)
MR     .....                    (no amulet)
Stlth  ++........               y - +2 ring of strength
                                c - ring of see invisible

@: tree-form (expiring), very slightly contaminated, hasted, drained, invisible,
very quick, not resistant to hostile enchantments, unstealthy
A: (horns 0), (slimy green scales 0), (poison resistance), powered by pain 1,
(shaggy fur 0), MP-powered wands
a: Depart the Abyss, Bend Space, Banish, Corrupt, Renounce Religion


You were on level 8 of the Dungeon.
You worshipped Lugonu.
Lugonu was greatly pleased with you.
You were not hungry.
You were a tree.
You visited 1 branch of the dungeon, and saw 8 of its levels.
You visited the Abyss 1 time.

You collected 375 gold pieces.

Inventory:

Hand Weapons
 a - a +1 hand axe
 g - a +0 battleaxe of draining (weapon)
 k - a cursed +3 battleaxe
 m - a +0 flail
 q - a +0 blowgun
Missiles
 r - 40 poisoned needles
 u - 8 tomahawks (quivered)
Armour
 f - a +0 large shield
 h - a +0 hat (melded)
 v - a +0 cloak (melded)
 x - a +1 pair of boots (melded)
 F - a +0 plate armour (melded)
Jewellery
 c - a ring of see invisible (left branch)
 y - a +2 ring of strength (right branch)
 G - an uncursed ring of protection from cold
Wands
 o - a wand of frost (30)
 p - a wand of lightning (0)
Scrolls
 e - 5 scrolls of remove curse
 i - 2 scrolls of identify
 t - a scroll of fog
 B - a scroll of teleportation
Potions
 d - a potion of curing
Comestibles
 b - a slice of pizza


   Skills:
 + Level 6.4(6.3) Fighting
 + Level 6.0(5.9) Axes
 + Level 1.5(1.4) Throwing
 + Level 6.5(6.4) Armour
 + Level 4.0 Dodging
 + Level 1.0(0.9) Stealth
 + Level 4.8(4.7) Shields
 + Level 4.2(4.1) Invocations
 + Level 1.5(1.4) Evocations


You had 8 spell levels left.
You didn't know any spells.

Dungeon Overview and Level Annotations

Branches:
Dungeon (8/15)             Temple (0/1) D:7
   Lair: D:8-11

Altars:
Ashenzari
Cheibriados
Elyvilon
Fedhas
Kikubaaqudgha
Okawaru
Qazlal
Ru
Xom
Yredelemnul


Innate Abilities, Weirdness & Mutations

((You have a pair of horns on your head.))
((You are partially covered in slimy green scales (AC +2).))
You sometimes gain a little power by taking damage.
((Your system is resistant to poisons.))
((You are covered in fur (AC +1).))
You expend magic power (3 MP) to strengthen your wands.


Message History

The iguana bites you but does no damage.
Drink which item? (? for menu, Esc to quit)
It was a potion of haste.
You feel yourself speed up.
The centaur shoots an arrow of flame.
The arrow of flame hits the iguana!
The arrow of flame burns the iguana.
The iguana bites you but does no damage.
The centaur shoots an arrow of flame.
The arrow of flame barely misses the iguana.
The arrow of flame hits you.
* * * LOW HITPOINT WARNING * * *
The arrow of flame burns you.
* * * LOW HITPOINT WARNING * * *
You hit the iguana.
The iguana is almost dead.
The iguana bites you.
* * * LOW HITPOINT WARNING * * *
You barely miss the iguana.
The iguana is almost dead.
The iguana bites you.
You die...

### #.#############
#.............#
#.###########.# #.# #.#
#♣# #.# #####l#### #.#
#...ocZ..# #.#.#
#...shs..# #.#.#
#....Z..$# #.#.#
#........# #.#.#
#........########.#.##
#...........c.........
..[.....................


You could see an orc warrior, a centaur, 2 scorpions, an iguana, a hound, an
adder zombie and an adder skeleton.

Vanquished Creatures
  A hill giant (D:7)
  The ghost of GFox the Ruffian, an amateur MiMo (D:4)
  An ice beast (D:7)
  2 sky beasts
  A phantom (D:5)
  An ogre (D:6)
  An orc warrior (D:6)
  2 centaurs (D:7)
  6 giant frogs
  Blork the orc (D:6)
  A scorpion (D:4)
  7 wights
  A giant frog zombie (D:7)
  3 orc priests
  A giant frog skeleton (D:4)
  3 orc wizards
  2 jellies
  A centaur skeleton (D:7)
  A gnoll shaman (D:7)
  Jessica (D:2)
  An iguana (D:5)
  2 hounds
  7 worker ants
  A worker ant zombie (D:6)
  7 adders
  12 gnolls
  4 shadow imps
  3 oozes
  2 adder zombies
  5 worms
  3 giant geckos
  17 orcs
  8 bats
  6 giant cockroaches
  9 hobgoblins
  2 jackals (D:1)
  10 kobolds
  4 quokkas
  8 giant newts
  6 goblins
  A jackal skeleton (D:8)
  3 quokka skeletons
  9 rats
168 creatures vanquished.

Vanquished Creatures (others)
  A hungry ghost (D:7)
1 creature vanquished.

Grand Total: 169 creatures vanquished

Notes
Turn   | Place    | Note
--------------------------------------------------------------
     0 | Abyss:1  | Gargoyl the Demonspawn Abyssal Knight began the quest for the Orb.
     0 | Abyss:1  | Reached XP level 1. HP: 18/18 MP: 2/2
     3 | Abyss:1  | Found a corrupted altar of Lugonu.
   164 | Abyss:1  | Noticed a thrashing horror
   170 | Abyss:1  | Noticed a hellwing
   187 | D:1      | Escaped the Abyss
   230 | D:1      | Reached skill level 1 in Dodging
   580 | D:1      | Gained mutation: You have a pair of small horns on your head. [demonic ancestry]
   580 | D:1      | Reached XP level 2. HP: 20/24 MP: 3/3
   734 | D:1      | Reached * piety under Lugonu
  1196 | D:1      | Reached XP level 3. HP: 25/29 MP: 4/4
  1321 | D:2      | Found a shattered altar of Ashenzari.
  1454 | D:2      | Reached skill level 1 in Shields
  1525 | D:2      | Reached ** piety under Lugonu
  1539 | D:2      | Noticed Jessica
  1556 | D:2      | Killed Jessica
  1556 | D:2      | Reached XP level 4. HP: 11/37 MP: 5/5
  1844 | D:2      | Found a blossoming altar of Fedhas.
  2595 | D:3      | Reached XP level 5. HP: 26/42 MP: 6/6
  2775 | D:3      | Found an ancient bone altar of Kikubaaqudgha.
  2875 | D:3      | Found a white marble altar of Elyvilon.
  2877 | D:3      | Found a sacrificial altar of Ru.
  2877 | D:3      | Found a stormy altar of Qazlal.
  3257 | D:3      | Reached *** piety under Lugonu
  3436 | D:4      | Found an iron altar of Okawaru.
  3477 | D:4      | Reached skill level 4 in Fighting
  3831 | D:4      | Noticed GFox's ghost (amateur MiMo)
  3870 | D:5      | Entered Level 5 of the Dungeon
  3881 | D:5      | Noticed a phantom
  3934 | D:5      | Killed a phantom
  3934 | D:5      | Gained mutation: You are partially covered in slimy green scales (AC +2). [demonic ancestry]
  3934 | D:5      | Reached XP level 6. HP: 21/48 MP: 7/7
  4164 | D:4      | Killed GFox's ghost
  4164 | D:4      | Reached XP level 7. HP: 48/55 MP: 8/8
  4882 | D:5      | Found an iron altar of Okawaru.
  4976 | D:5      | Found a snail-covered altar of Cheibriados.
  5000 | D:5      | Found a basalt altar of Yredelemnul.
  5042 | D:5      | Found a white marble altar of Elyvilon.
  5473 | D:5      | Found a shimmering altar of Xom.
  6093 | D:6      | Gained mutation: You have a pair of horns on your head. [demonic ancestry]
  6093 | D:6      | Reached XP level 8. HP: 56/61 MP: 9/9
  6235 | D:6      | Noticed Blork the orc
  6245 | D:6      | Killed Blork the orc
  6255 | D:6      | Reached skill level 5 in Fighting
  6338 | D:6      | Reached skill level 1 in Evocations
  6752 | D:7      | Reached skill level 5 in Axes
  6760 | D:7      | Reached skill level 5 in Armour
  6989 | D:7      | Gained mutation: You sometimes gain a little power by taking damage. [demonic ancestry]
  6989 | D:7      | Reached XP level 9. HP: 63/68 MP: 11/11
  7228 | D:7      | Reached **** piety under Lugonu
  7287 | D:7      | Noticed a hill giant
  7299 | D:7      | Killed a hill giant
  7299 | D:7      | Reached skill level 1 in Throwing
  7299 | D:7      | Reached skill level 6 in Armour
  7739 | D:7      | Found a staircase to the Ecumenical Temple.
  7946 | D:8      | Reached skill level 1 in Stealth
  7973 | D:8      | Identified a scroll of acquirement
  8140 | D:8      | Gained mutation: Your system is resistant to poisons. [potion of mutation]
  8140 | D:8      | Gained mutation: You expend magic power (3 MP) to strengthen your wands. [potion of mutation]
  8140 | D:8      | Gained mutation: You are covered in fur (AC +1). [potion of mutation]
  8141 | D:8      | HP: 5/106 [centaur/arrow of flame (3)]
  8142 | D:8      | HP: 1/106 [iguana (2)]
  8143 | D:8      | Slain by an iguana

Action                   |  1- 3 |  4- 6 |  7- 9 || total
-------------------------+-------+-------+-------++-------
Melee: Hand axe          |   141 |   190 |   203 ||   534
       Battleaxe         |       |       |   162 ||   162
Throw: Tomahawk          |       |     2 |     8 ||    10
Invok: Depart the Abyss  |     1 |       |       ||     1
       Banish            |       |       |     3 ||     3
Evoke: Wand              |       |       |     5 ||     5
  Use: Potion            |     5 |     4 |     6 ||    15
       Scroll            |       |     3 |    14 ||    17
  Eat: Bread ration      |     1 |     1 |     1 ||     3
       Fruit             |       |     5 |     5 ||    10
       Pizza             |       |     1 |       ||     1
       Chunk             |       |       |     4 ||     4
       Meat ration       |       |       |     4 ||     4
       Royal jelly       |       |       |     1 ||     1
       Beef jerky        |       |       |     1 ||     1
